 Seeded DCSS version 0.29.1-15-g9cfb28693d (webtiles) character file.

Game seed: 1 (custom seed)

96243 Kazon the Victor of a Thousand Battles (level 15, -5/115 (120) HPs)
             Began as a Demonspawn Gladiator on Mar 20, 2023.
             Was the Champion of Okawaru.
             Slain by a spark wasp (16 damage)
             ... on level 4 of the Spider Nest on Mar 21, 2023.
             The game lasted 01:49:07 (17191 turns).

Kazon the Victor of a Thousand Battles (DsGl)      Turns: 17191, Time: 01:49:08

HP:   -5/115 (120)  AC: 35    Str: 20      XL:     15   Next: 68%
MP:   15/24         EV:  9    Int: 17 (18) God:    Okawaru [******]
Gold: 559           SH: 10    Dex: 23      Spells: 14/14 levels left

rFire   + + +      SeeInvis +   f - +3 Maxwell's thermic engine {flame, freeze}
rCold   . . .      Faith    .   c - +2 buckler
rNeg    . . .      Spirit   .   g - +1 crystal plate armour of the Dragon {Drain Regen+ Str+3 Int+6}
rPois   +          Reflect  .   Z - +0 helmet "Ilomp" {rF+ Regen+}
rElec   .          Harm     .   d - +2 cloak
rCorr   .          Rampage  .   (no gloves)
Will    +....      Clarity  +   n - +2 pair of boots
Stlth   ..........              U - amulet "Odemouw" {Contam rPois rF+++ Regen+ Stlth+}
HPRegen 7.69/turn               e - ring of see invisible
MPRegen 0.19/turn               M - +6 ring of dexterity

@: heroic, slowed, studying Shields, lightly drained, very slow
A: claws 2, yellow scales 2, powered by death 2, spiny 2, clarity
a: Renounce Religion, Heroism, Finesse, Duel


You were on level 4 of the Spider Nest.
You worshipped Okawaru.
Okawaru was exalted by your worship.
You visited 4 branches of the dungeon, and saw 22 of its levels.

You collected 1519 gold pieces.
You spent 960 gold pieces at shops.

Inventory:

Hand Weapons
 f - the +3 Maxwell's thermic engine (weapon) {flame, freeze}
   (You found it on level 1 of the Lair of Beasts)

   It burns those it strikes, dealing additional fire damage.
   Big, fiery blades are also staple armaments of hydra-hunters.
   It freezes those it strikes, dealing additional cold damage.
   It can also slow down cold-blooded creatures.
   It becomes more effective when it hits something.
   This effect fades over time.
 s - the +3 falchion of Winter {venom, rCorr}
   (You bought it in a shop on level 3 of the Dungeon)

   It poisons the flesh of those it strikes.
   rCorr:     It protects you from acid and corrosion.
Missiles
 q - 24 boomerangs
 t - 2 silver javelins
 u - a javelin
 B - 6 curare-tipped darts
 G - 27 poisoned darts (quivered)
 Q - 2 atropa-tipped darts
 W - 4 throwing nets
 X - 3 datura-tipped darts
Armour
 c - a +2 buckler (worn)
 d - a +2 cloak (worn)
 g - the +1 crystal plate armour of the Dragon (worn) {Drain Regen+ Str+3 Int+6}
   (You acquired it on level 1 of the Dungeon)

   Str:       It affects your strength (+3).
   Int:       It affects your intelligence (+6).
   Regen:     It increases your rate of health regeneration.
   Drain:     It drains your maximum health when unequipped.
 n - a +2 pair of boots (worn)
 Z - the +0 helmet "Ilomp" (worn) {rF+ Regen+}
   (Okawaru gifted it to you on level 4 of the Lair of Beasts)

   rF:        It protects you from fire.
   Regen:     It increases your rate of health regeneration.
Jewellery
 e - a ring of see invisible (left claw)
 M - a +6 ring of dexterity (right claw)
 P - a ring of protection from cold
 U - the amulet "Odemouw" (around neck) {Contam rPois rF+++ Regen+ Stlth+}
   (You bought it in a shop on level 8 of the Dungeon)

   [amulet of regeneration]

   rF:        It renders you almost immune to fire.
   rPois:     It protects you from poison.
   Contam:    It causes magical contamination when unequipped.
   Regen:     It increases your rate of health regeneration.
   Stlth:     It makes you more stealthy.
Wands
 z - a wand of mindburst (27)
 C - a wand of flame (24)
 J - a wand of paralysis (15)
 L - a wand of polymorph (10)
 O - a wand of roots (11)
Scrolls
 i - a scroll of identify
 o - 4 scrolls of immolation
 p - 3 scrolls of poison {unknown}
 r - 4 scrolls of fog {unknown}
 v - 2 scrolls of noise
 x - 2 scrolls of magic mapping
 y - 6 scrolls of teleportation
 A - 2 scrolls of silence
 E - 2 scrolls of brand weapon
 F - 4 scrolls of enchant weapon
 K - 3 scrolls of fear
Potions
 a - 2 potions of ambrosia {unknown}
 b - 4 potions of berserk rage {unknown}
 h - 3 potions of haste
 k - 3 potions of flight
 l - a potion of resistance {unknown}
 m - a potion of invisibility
 w - 10 potions of lignification
 D - 3 potions of cancellation
 H - 5 potions of curing
 I - 4 potions of might
 V - 2 potions of heal wounds
Miscellaneous
 j - a condenser vane (inert)
 T - a phial of floods
 Y - a lightning rod (4/4)


   Skills:
 + Level 11.8(16.8) Fighting
 + Level 4.2(14.5) Short Blades
 + Level 13.2(18.5) Long Blades
 + Level 8.7(13.7) Throwing
 + Level 8.9(13.9) Armour
 + Level 5.2(10.2) Dodging
 + Level 1.9(6.9) Stealth
 + Level 7.8(12.8) Shields
 * Level 13.2 Invocations
 * Level 11.3 Evocations


You had 14 spell levels left.
You didn't know any spells.
Your spell library contained the following spells:

 Spells                   Type           Power      Damage    Failure   Level
 Apportation              Tloc           0%         N/A       100%        1
 Magic Dart               Conj           0%         1d3       100%        1
 Necrotise                Necr           0%         1d4       100%        1
 Sting                    Tmut/Pois      0%         1d3       100%        1
 Poisonous Vapours        Pois/Air       0%         N/A       100%        2
 Dazzling Flash           Conj/Hex       0%         N/A       100%        3
 Mephitic Cloud           Conj/Pois/Air  0%         N/A       100%        3
 Ozocubu's Armour         Ice            0%         N/A       100%        3
 Iskenderun's Mystic Bla  Conj/Tloc      0%         2d3       100%        4
 Olgreb's Toxic Radiance  Pois           0%         N/A       100%        4
 Blade Hands              Tmut           0%         N/A       100%        5
 Fireball                 Conj/Fire      0%         3d3       100%        5
 Iskenderun's Battlesphe  Conj           0%         2d6       100%        5
 Metabolic Englaciation   Hex/Ice        0%         N/A       100%        5
 Conjure Ball Lightning   Conj/Air       0%         3x3d6     100%        6
 Iron Shot                Conj/Erth      0%         9d1       100%        6
 Starburst                Conj/Fire      0%         6d3       100%        6
 Orb of Destruction       Conj           0%         9d5       100%        7
 Ozocubu's Refrigeration  Ice            0%         4d7       100%        7
 Summon Small Mammal      Summ           Unusable   N/A       N/A         1
 Call Imp                 Summ           Unusable   N/A       N/A         2
 Animate Armour           Summ/Erth      Unusable   N/A       N/A         4
 Simulacrum               Ice/Necr       Unusable   N/A       N/A         6

Dungeon Overview and Level Annotations

Branches:
Dungeon (12/15)            Temple (1/1) D:7            Lair (5/5) D:10
 Shoals (0/4) Lair:3       Spider (4/4) Lair:3        Slime (0/5) Lair:4
    Orc (0/2) D:12

Altars:
Ashenzari
Dithmenos
Gozag
Hepliaklqana
Kikubaaqudgha
Makhleb
Nemelex Xobeh
Okawaru
Qazlal
Uskayaw
Xom
Jiyva

Shops:
D:3 (   D:8 ?(==   D:10 :

Annotations:
Spider:4 Mara


Innate Abilities, Weirdness & Mutations

You have very sharp fingernails.
You are mostly covered in yellow scales. (AC +3)
You regenerate health from kills.
You are mostly covered in sharp spines.
You possess an exceptional clarity of mind.


Message History

Okawaru accepts your kill.
You kill the culicivora!
Okawaru accepts your kill.
You kill the wolf spider!
Okawaru accepts your kill.
The spark wasp is engulfed in poison gas.
The spark wasp looks as sick as possible!
The spark wasp is struck by your spines.
The spark wasp stings you. The spark wasp shocks you!
The jumping spider pounces on you but does no damage.
You block the jumping spider's attack. The spark wasp closely misses you.
The pharaoh ant bites you but does no damage.
The culicivora is struck by your spines.
You kill the culicivora!
Okawaru accepts your kill.
The jumping spider leaps!
The spark wasp is engulfed in poison gas.
The spark wasp looks as sick as possible!
The spark wasp stings you but does no damage.
The spark wasp is struck by your spines.
The spark wasp stings you! The spark wasp shocks you!
* * * LOW HITPOINT WARNING * * *
The pharaoh ant bites you!
* * * LOW HITPOINT WARNING * * *
You feel drained.
* * * LOW HITPOINT WARNING * * *
You slash the pharaoh ant! You burn the pharaoh ant.
You freeze the pharaoh ant.
The pharaoh ant is almost destroyed.
You kill the spark wasp!
Okawaru accepts your kill.
You kill the jumping spider!
Okawaru accepts your kill. You block the spark wasp's attack.
The pharaoh ant bites you but does no damage.
The torpor snail is engulfed in poison gas.
The torpor snail looks even sicker.
The spark wasp stings you.
* * * LOW HITPOINT WARNING * * *
The spark wasp shocks you!
You die...

###############
§§§§§§B.°.§§§^.
§☼§§§§y@w§§§§§§
§§§§§§†§§§§§§§§
##.....§§§#§§§§
###.....^# §§§
#####..# § ..#
.## .#


You could see a spark wasp (very poisoned), a torpor snail (very poisoned) and a
pharaoh ant.

Vanquished Creatures
  2 emperor scorpions
  2 ghost moths
  2 broodmothers
  Nessos (D:12)
  2 spark wasps
  2 entropy weavers
  2 boulder beetles
  Fannar (Lair:2)
  Erolcha (D:10)
  4 catoblepae
  2 two-headed ogres
  10 death yaks
  5 pharaoh ants
  A sun moth (Spider:1)
  Lodul (D:12)
  5 steelbarb worms
  3 orb spiders
  5 spectral wolf spiders (Spider:1)
  6 wolf spider zombies (Spider:1)
  16 wolf spiders
  An ugly thing (D:11)
  5 elephants (Lair:4)
  3 manticores
  A moth of wrath (Spider:3)
  5 black mambas
  11 cane toads
  5 torpor snails
  Maggie (D:6)
  4 rime drakes
  An unseen horror (D:12)
  4 kobold demonologists (D:11)
  15 komodo dragons
  9 demonic crawlers
  A tengu conjurer (D:12)
  4 trolls
  Prince Ribbit (D:9)
  A polar bear (Lair:4)
  17 tarantellas
  2 wolf spider simulacra (Spider:1)
  5 dream sheep (Lair:4)
  17 blink frogs
  20 jumping spiders
  A snapping turtle (Lair:3)
  2 shadows
  A vampire (D:10)
  63 yaks
  18 culicivoras
  2 wraiths (D:12)
  5 wyverns
  3 basilisks
  Eustachio (D:5)
  36 redbacks
  2 steam dragons
  Menkaure (D:5)
  Edmund (D:6)
  An acid dragon (D:10)
  16 water moccasins
  5 orc warriors
  An ice beast (D:8)
  5 sky beasts
  2 black bears (D:6)
  5 centaurs
  7 ogres
  A wolf (D:10)
  2 phantoms (D:6)
  3 kobold brigands
  6 bullfrogs
  2 necrophages (D:6)
  10 scorpions
  21 wights
  3 killer bees (D:10)
  3 electric eels
  A howler monkey (D:5)
  2 jellies (D:6)
  6 hounds
  7 orc priests
  A gnoll bouda (D:7)
  6 iguanas
  4 orc wizards
  4 hell rats (Lair:3)
  Robin (D:3)
  11 gnolls
  13 adders
  3 shadow imps
  A white imp (D:7)
  An ufetubus (D:5)
  4 worms
  37 orcs
  11 endoplasms
  3 giant cockroaches
  16 goblins
  9 hobgoblins
  A jackal (D:4)
  27 kobolds
  2 quokkas
  5 ball pythons
  4 bats
  3 frilled lizards
  6 rats
624 creatures vanquished.

Vanquished Creatures (others)
  A white imp (D:7)
  16 fungi
  21 plants
38 creatures vanquished.

Grand Total: 662 creatures vanquished

Notes
Turn   | Place    | Note
-------+----------+-------------------------------------------
     0 | D:1      | Kazon the Demonspawn Gladiator began the quest for the Orb.
     0 | D:1      | Reached XP level 1. HP: 16/16 MP: 1/1
    38 | D:1      | Identified a scroll of acquirement
    38 | D:1      | Acquired the +1 crystal plate armour of the Dragon {Drain
                  | Regen+ Str+3 Int+6}
   157 | D:1      | Gained mutation: You are partially covered in sharp spines.
                  | [demonic ancestry]
   157 | D:1      | Reached XP level 2. HP: 18/22 MP: 2/2
   806 | D:2      | Gained mutation: You regenerate a little health from kills.
                  | [demonic ancestry]
   806 | D:2      | Reached XP level 3. HP: 27/27 MP: 3/3
  1176 | D:2      | Reached XP level 4. HP: 28/33 MP: 4/4
  1308 | D:3      | Found Umat's Antique Weapon Boutique.
  1363 | D:3      | Bought a crude falchion for 184 gold pieces
  1363 | D:3      | Identified the +3 falchion of Winter {venom, rCorr} (You
                  | bought it in a shop on level 3 of the Dungeon)
  1510 | D:3      | Noticed Robin
  1533 | D:3      | Killed Robin
  1562 | D:3      | Reached XP level 5. HP: 36/36 MP: 5/5
  1568 | D:3      | Reached skill level 1 in Armour
  1760 | D:3      | Reached skill level 5 in Fighting
  1760 | D:3      | Reached skill level 5 in Long Blades
  1760 | D:3      | Reached skill level 5 in Dodging
  1760 | D:3      | Reached XP level 6. HP: 51/51 MP: 6/6
  2072 | D:4      | Found a hazy altar of Hepliaklqana.
  2309 | D:4      | Gained mutation: You have sharp fingernails. [demonic
                  | ancestry]
  2309 | D:4      | Reached XP level 7. HP: 56/56 MP: 7/7
  2906 | D:5      | Entered Level 5 of the Dungeon
  2962 | D:5      | Noticed Eustachio
  2983 | D:5      | Killed Eustachio
  2993 | D:5      | Gained mutation: You have very sharp fingernails. [demonic
                  | ancestry]
  2993 | D:5      | Reached XP level 8. HP: 62/62 MP: 8/8
  3424 | D:5      | Noticed Menkaure
  3427 | D:5      | Killed Menkaure
  3802 | D:7      | Reached skill level 5 in Evocations
  3810 | D:7      | Found a staircase to the Ecumenical Temple.
  3825 | Temple   | Entered the Ecumenical Temple
  3832 | Temple   | Became a worshipper of Warmaster Okawaru
  3887 | D:7      | Found a hide-covered altar of Uskayaw.
  3947 | D:6      | Reached * piety under Okawaru
  3948 | D:6      | Reached skill level 1 in Invocations
  3973 | D:6      | Gained mutation: You are mostly covered in sharp spines.
                  | [demonic ancestry]
  3973 | D:6      | Reached XP level 9. HP: 68/68 MP: 9/9
  4034 | D:6      | Noticed Edmund
  4057 | D:6      | Killed Edmund
  4057 | D:6      | Reached ** piety under Okawaru
  4360 | D:6      | Reached skill level 5 in Armour
  4409 | D:6      | Noticed Maggie
  4426 | D:6      | Killed Maggie
  4819 | D:7      | Reached *** piety under Okawaru
  4820 | D:7      | Gained mutation: You are partially covered in yellow
                  | scales. (AC +2) [demonic ancestry]
  4820 | D:7      | Reached XP level 10. HP: 76/76 MP: 12/12
  5214 | D:8      | Found Quzidd's Magic Scroll Emporium.
  5219 | D:8      | Bought a scroll of teleportation for 42 gold pieces
  5359 | D:8      | Found Heidghoki's Jewellery Shop.
  5394 | D:8      | Found Zoxtaeshakh's Jewellery Boutique.
  5571 | D:8      | You fall into a shaft and drop 2 floors!
  5571 | D:10     | Entered Level 10 of the Dungeon
  5694 | D:10     | Identified the +5 long sword of the Land of Plenty {drain,
                  | Dex+3}
  5941 | D:8      | Found Esumer's Weapon Shop.
  6016 | D:8      | Reached skill level 5 in Throwing
  6029 | D:8      | Reached **** piety under Okawaru
  6277 | D:9      | Reached skill level 1 in Stealth
  6422 | D:9      | Noticed a two-headed ogre
  6429 | D:9      | Killed a two-headed ogre
  6558 | D:9      | Noticed Prince Ribbit
  6568 | D:9      | Killed Prince Ribbit
  6569 | D:9      | Reached skill level 5 in Invocations
  6848 | D:10     | Found a staircase to the Lair.
  6889 | D:10     | Noticed Erolcha
  6894 | D:10     | Killed Erolcha
  6894 | D:10     | Reached ***** piety under Okawaru
  6894 | D:10     | Received a gift from Okawaru
  6895 | D:10     | Gained mutation: You are mostly covered in yellow scales.
                  | (AC +3) [demonic ancestry]
  6895 | D:10     | Reached XP level 11. HP: 77/83 MP: 15/15
  6919 | D:10     | Found Juagoaq's Book Shoppe.
  7450 | D:10     | Received a gift from Okawaru
  7748 | D:11     | Noticed a green ugly thing
  7756 | D:11     | Killed a green ugly thing
  7989 | D:11     | Identified the +5 quick blade of the Ageing Fool {pain,
                  | Will+ Int+3 Dex+3} (Okawaru gifted it to you on level 11 of
                  | the Dungeon)
  7989 | D:11     | Received a gift from Okawaru
  8009 | D:11     | Noticed a soul eater
  8701 | D:12     | Noticed Lodul
  8721 | D:12     | Killed Lodul
  8724 | D:12     | Reached XP level 12. HP: 72/93 MP: 17/17
  8797 | D:12     | Noticed Nessos
  8810 | D:12     | Killed Nessos
  8898 | D:8      | Bought the amulet "Odemouw" {Contam rPois rF+++ Regen+
                  | Stlth+} for 734 gold pieces
  8968 | Lair:1   | Entered Level 1 of the Lair of Beasts
  8977 | Lair:1   | Received a gift from Okawaru
  8986 | Lair:1   | Reached skill level 5 in Shields
  9089 | Lair:1   | Found the +2 Maxwell's thermic engine {flame, freeze}
  9634 | Lair:2   | Noticed Fannar
  9648 | Lair:2   | Killed Fannar
  9648 | Lair:2   | Received a gift from Okawaru
  9652 | Lair:2   | Noticed a catoblepas
  9679 | Lair:2   | Killed a catoblepas
  9679 | Lair:2   | Reached ****** piety under Okawaru
  9906 | Lair:2   | Reached skill level 10 in Long Blades
  9944 | Lair:2   | Received a gift from Okawaru
 10422 | Lair:2   | Identified the +6 double sword of Hoykka Fee {drain, rC+
                  | rN+ Int+2} (Okawaru gifted it to you on level 2 of the Lair
                  | of Beasts)
 10422 | Lair:2   | Received a gift from Okawaru
 10486 | Lair:3   | Noticed a death yak
 10486 | Lair:3   | Noticed a death yak
 10489 | Lair:3   | Noticed a death yak
 10492 | Lair:3   | Noticed a death yak
 10493 | Lair:3   | Killed a death yak
 10496 | Lair:3   | Killed a death yak
 10497 | Lair:3   | Killed a death yak
 10498 | Lair:3   | Reached XP level 13. HP: 94/101 MP: 18/20
 10665 | Lair:3   | Found an ancient bone altar of Kikubaaqudgha.
 10741 | Lair:3   | Found a hole to the Spider Nest.
 11037 | Lair:3   | Found a staircase to the Shoals.
 11042 | Lair:3   | Received a gift from Okawaru
 11370 | Lair:4   | Identified the +0 helmet "Ilomp" {rF+ Regen+} (Okawaru
                  | gifted it to you on level 4 of the Lair of Beasts)
 11370 | Lair:4   | Received a gift from Okawaru
 11375 | Lair:4   | Reached skill level 10 in Invocations
 11541 | Lair:4   | Found a viscous altar of Jiyva.
 11541 | Lair:4   | Found a staircase to the Slime Pits.
 11718 | Lair:4   | Identified the +3 battleaxe "Adididghufym" {antimagic, rF+
                  | Will+}
 11975 | Lair:5   | Entered Level 5 of the Lair of Beasts
 12181 | Lair:5   | Reached skill level 10 in Fighting
 12906 | Lair:5   | Gained mutation: You regenerate health from kills. [demonic
                  | ancestry]
 12906 | Lair:5   | Reached XP level 14. HP: 102/111 MP: 22/22
 12920 | Lair:5   | Identified the +5 scimitar "Zefosan" {vorpal, Int+3}
                  | (Okawaru gifted it to you on level 5 of the Lair of Beasts)
 12920 | Lair:5   | Received a gift from Okawaru
 13333 | D:12     | Gained mutation: You possess an exceptional clarity of
                  | mind. [potion of mutation]
 13429 | D:12     | Found a staircase to the Orcish Mines.
 13558 | Spider:1 | Entered Level 1 of the Spider Nest
 13741 | Spider:1 | Reached skill level 10 in Evocations
 13773 | Spider:1 | Identified the +2 hat "Puiz" {rF+ Will+ Str-3} (Okawaru
                  | gifted it to you on level 1 of the Spider Nest)
 13773 | Spider:1 | Received a gift from Okawaru
 13927 | Spider:1 | Killed a ghost moth
 14105 | Spider:1 | Acquired a manual of Shields
 14249 | Spider:1 | Noticed a broodmother
 14261 | Spider:1 | Killed a broodmother
 14873 | Spider:1 | Received a gift from Okawaru
 14889 | Spider:1 | Reached XP level 15. HP: 119/119 MP: 24/24
 15153 | Spider:2 | Noticed an emperor scorpion
 15161 | Spider:2 | Killed an emperor scorpion
 15638 | Spider:2 | Received a gift from Okawaru
 16027 | Spider:3 | Received a gift from Okawaru
 16379 | Spider:3 | Received a gift from Okawaru
 16488 | Spider:3 | Noticed an emperor scorpion
 16502 | Spider:3 | Killed an emperor scorpion
 16814 | Spider:3 | Identified the +1 robe of Okawaru's Esteem {Str+4 SInv}
                  | (Okawaru gifted it to you on level 3 of the Spider Nest)
 16814 | Spider:3 | Received a gift from Okawaru
 17085 | Spider:4 | Entered Level 4 of the Spider Nest
 17085 | Spider:4 | Noticed Mara
 17191 | Spider:4 | Slain by a spark wasp

Illustrated notes

Levels and vault maps discovered:
D:1:      dpeg_arrival_three_smaller_balls, layout_basic
D:2:      layout_loops_ring
D:3:      layout_basic, serial_shops, nicolae_shop_stone, st_stairs_9,
          minmay_misc_feat_doors, eino_curves_03, uniq_robin
D:4:      minmay_wonky_spiral, layout_basic,
          mainiacjoe_overflow_surrounded_room, minivault_5
D:5:      layout_cave_pods, uniq_menkaure, uniq_eustachio
D:6:      cheibrodos_barr_body, layout_basic, minmay_crystal_room,
          minmay_pentangle, uniq_maggie, uniq_edmund
D:7:      layout_cave_pools, nicolae_uskayaw_murder_on_the_dancefloor,
          elyvilon_altar_4, minmay_temple_entry_purple_smoke
D:8:      layout_basic, serial_shops, shop_statue, kennysheep_little_box, shop,
          nicolae_shop_window_shopping
D:9:      layout_cave_pools, uniq_prince_ribbit1
D:10:     layout_stronghold, erik_lair_island, serial_shops,
          nicolae_shop_statue_plus, uniq_erolcha
D:11:     layout_roguey
D:12:     layout_loops_ring, orc_0_dummy, chequers_serial_rivers_marsh,
          uniq_lodul, uniq_nessos, uniq_rupert
Temple:   nicolae_temple_bog_church
Lair:1:   layout_long_grid, fungi_pond_lemuel, cheibrodos_lair_reptile_den
Lair:2:   layout_gridlike, uniq_fannar
Lair:3:   layout_roguey, minmay_shoals_entry_hut,
          nicolae_spider_entry_non_spiders, basic_altar, serial_bayou_crossing
Lair:4:   layout_gridlike, slime_entry_1, serial_rivers,
          chequers_serial_rivers_room_a, chequers_serial_rivers_micro_c,
          chequers_serial_rivers_room_a, chequers_serial_rivers_micro_e,
          minivault_27, grunt_megastairs_3, infiniplex_staircase_pool_2
Lair:5:   evilmike_catoblepas_cave, layout_long_grid
Spider:1: layout_chambers, nicolae_spider_undead_wolf_pack
Spider:2: layout_cave_pods
Spider:3: layout_spider_delve
Spider:4: floodkiller_spider_rune_tomb, special_room [special_room_bee],
          uniq_mara

Skill      XL: |  1  2  3  4  5  6  7  8  9 10 11 12 13 14 15 |
---------------+----------------------------------------------+-----
Dodging        | 3 5 |  5.2
Long Blades    | 3 5 6 7 8 9 10 11 12 13 | 13.2
Throwing       | 2 4 5 6 7 8 |  8.7
Armour         | 3 4 5 6 7 8 |  8.9
Fighting       | 5 6 8 9 10 11 | 11.8
Short Blades   | 3 4 |  4.2
Shields        | 3 4 5 6 7 |  7.8
Evocations     | 4 5 6 7 8 9 10 11 | 11.3
Invocations    | 1 3 5 7 9 10 12 13 | 13.2
Stealth        | 1 |  1.9

Action                   |  1- 3 |  4- 6 |  7- 9 | 10-12 | 13-15 || total
-------------------------+-------+-------+-------+-------+-------++-------
Melee: Long sword        |    59 |       |       |   329 |       ||   388
       Dagger            |    13 |   105 |     9 |       |       ||   127
       Punch             |       |     2 |       |       |       ||     2
       Falchion          |       |       |   256 |   175 |   144 ||   575
       Quick blade       |       |       |       |    23 |       ||    23
       Double sword      |       |       |       |    40 |   689 ||   729
Throw: Stone             |    10 |    21 |    35 |    44 |       ||   110
       Boomerang         |       |       |       |    38 |    85 ||   123
       Dart              |       |       |       |    95 |   178 ||   273
       Javelin           |       |       |       |     1 |     1 ||     2
Invok: Heroism           |       |       |       |     4 |     6 ||    10
Evoke: Wand              |       |       |     6 |    21 |    13 ||    40
       Condenser vane    |       |       |       |     1 |     1 ||     2
       Lightning rod     |       |       |       |       |     2 ||     2
  Use: Scroll            |     1 |       |     4 |     4 |    13 ||    22
       Potion            |       |     1 |     3 |       |     1 ||     5
 Stab: Paralysed         |       |       |       |     8 |     2 ||    10
       Invisible         |       |       |       |       |     1 ||     1
Armor: Leather armour    |     8 |       |       |       |       ||     8
       Crystal plate arm |    38 |    55 |   187 |   261 |   676 ||  1217
Dodge: Dodged            |    23 |    10 |    49 |    85 |   184 ||   351
Block: Buckler           |       |       |    51 |   130 |   346 ||   527
